 Dungeon Crawl Stone Soup version 0.25.1-2-g60ff931df9 (webtiles) character file.

Game seed: 1844102507442402307

87 FreshCat the Skirmisher (level 4, -12/40 HPs)
             Began as a Draconian Chaos Knight on Sept 5, 2020.
             Was a Plaything of Xom.
             Mangled by an ogre
             ... wielding a +0 giant club
              (16 damage)
             ... on level 2 of the Dungeon.
             The game lasted 00:09:44 (1679 turns).

FreshCat the Skirmisher (Draconian Chaos Knight)    Turns: 1679, Time: 00:09:45

Health: -12/40     AC:  5    Str: 15    XL:     4   Next: 28%
Magic:  4/4        EV: 12    Int: 12    God:    Xom [..*...]
Gold:   46         SH:  0    Dex: 11    Spells: 3/3 levels left

rFire    . . .     SeeInvis .   a - +0 falchion (chaos)
rCold    . . .     Gourm    .   (no shield)
rNeg     . . .     Faith    .   (armour unavailable)
rPois    .         Spirit   .   (helmet restricted)
rElec    .         Reflect  .   (no cloak)
rCorr    .         Harm     .   (no gloves)
MR       .....                  (no boots)
Stlth    +.........             (no amulet)
HPRegen  0.13/turn              (no ring)
MPRegen  0.09/turn              (no ring)

@: flying
A: unfitting armour, cold-blooded, AC +5
a: Renounce Religion


You were on level 2 of the Dungeon.
You worshipped Xom.
You were a toy of Xom.
You were not hungry.

You visited 1 branch of the dungeon, and saw 3 of its levels.

You collected 46 gold pieces.

Inventory:

Hand Weapons
 a - a +0 falchion of chaos (weapon)
Missiles
 c - 7 boomerangs (quivered)
 d - 22 stones
Scrolls
 e - 2 scrolls of remove curse {unknown}
 g - a scroll of magic mapping {unknown}
Comestibles
 b - 3 rations
 f - 5 chunks of flesh


   Skills:
 + Level 4.1 Fighting
 + Level 3.8 Long Blades
 + Level 1.1 Throwing
 + Level 2.5 Dodging
 + Level 0.4 Stealth


You had 3 spell levels left.
You didn't know any spells.
Your spell library was empty.

Dungeon Overview and Level Annotations

Branches:
Dungeon (3/15)

Altars:
Elyvilon
Fedhas
Wu Jian


Innate Abilities, Weirdness & Mutations

Your plain brown scales are hard. (AC +5)
You cannot fit into any form of body armour.
You are cold-blooded and may be slowed by cold attacks.


Message History

The ogre is severely wounded.
The ogre barely misses you. The ogre closely misses you.
You barely miss the ogre.
The ogre is severely wounded.
The ogre closely misses you.
You riposte.
You hit the ogre.
The ogre is poisoned.
You tail-slap the ogre.
The ogre is almost dead.
You completely miss the ogre.
The ogre is almost dead.
The ogre hits you with a +0 giant club!
You completely miss the ogre.
The ogre is almost dead.
The ogre hits you with a +0 giant club!!
Ouch! That really hurt!
* * * LOW HITPOINT WARNING * * *
It was a potion of flight.
You feel very buoyant.
You fly up into the air.
The ogre hits you with a +0 giant club!
You die...
Xom chuckles heartily!

####....# #....⌠.......
........# #.........#.O
####....# #............ #
#.....# ########..._.....<.
###.....####
#.......#.....÷..##
..#.##.....#
#..........)#.>....
#.#....##.##
#...........#######
#...#..##.# #...........#
###.#.....#####.@O........#
#....#......#.......#####
######.####.#.......#
#.#<...#...()..#
#.#######.##.### #.#
#...#......### #.#
#.#.####.....# #.#
#.#....###.#.# #####
#.###.####.# #.#.# #....


You could see an ogre (berserk, fast, very poisoned).

Vanquished Creatures
  Terence (D:1)
  2 adders (D:2)
  An ooze (D:1)
  A dart slug (D:2)
  An orc (D:3)
  4 giant cockroaches
  2 goblins (D:2)
  3 hobgoblins
  4 quokkas
  A ball python (D:2)
  7 bats
  2 frilled lizards (D:2)
  4 kobolds
  A rat (D:2)
34 creatures vanquished.

Notes
Turn   | Place    | Note
-------+----------+-------------------------------------------
     0 | D:1      | FreshCat the Draconian Chaos Knight began the quest for the
                  | Orb.
     0 | D:1      | Reached XP level 1. HP: 19/19 MP: 1/1
    82 | D:1      | XOM: divination: magic mapping
   140 | D:1      | XOM: summons 1 hostile demon
   146 | D:1      | Reached XP level 2. HP: 27/27 MP: 2/2
   277 | D:1      | XOM: divination: magic mapping
   613 | D:2      | Found a white marble altar of Elyvilon.
   613 | D:2      | Found an ornate altar of the Wu Jian Council.
   613 | D:2      | Noticed Terence
   697 | D:2      | Noticed an ogre
   708 | D:1      | Killed Terence
   708 | D:1      | Reached skill level 4 in Fighting
   708 | D:1      | Reached XP level 3. HP: 19/33 MP: 3/3
  1382 | D:2      | Reached skill level 1 in Throwing
  1442 | D:2      | Reached XP level 4. HP: 40/40 MP: 4/4
  1451 | D:2      | Found a blossoming altar of Fedhas.
  1662 | D:2      | XOM: 2-stop teleportation journey
  1679 | D:2      | Mangled by an ogre

Illustrated notes

Levels and vault maps discovered:
D:1:      dpeg_arrival_lava_temple_mockup, layout_basic
D:2:      layout_basic, old_standard_altar, grunt_temple_overflow_open,
          first_ration, uniq_terence
D:3:      layout_basic, old_standard_altar, dk_vineyard_1, fedhas_altar_1

Skill      XL: |  1  2  3 |
---------------+----------+-----
Fighting       | 4 |  4.1
Throwing       | 1 |  1.1
Long Blades    | |  3.8
Dodging        | |  2.5
Stealth        | |  0.4

Action                   |  1- 3 |  4- 6 || total
-------------------------+-------+-------++-------
Melee: Falchion          |    80 |    25 ||   105
       Tailslap          |     9 |     4 ||    13
Throw: Stone             |    58 |     8 ||    66
       Boomerang         |       |     3 ||     3
  Use: Potion            |     1 |     1 ||     2
  Eat: Chunk             |     2 |     1 ||     3
Armor: Skin              |    39 |     5 ||    44
Dodge: Dodged            |    74 |    21 ||    95
       Rpst.: Falchion   |    17 |     7 ||    24
